 Dungeon Crawl Stone Soup version 0.30.0 (webtiles) character file.

Game seed: 13365034075955257747

15 zlionsfan the Chopper (level 2, -1/16 HPs)
             Began as a Vine Stalker Berserker on May 6, 2023.
             Was a Follower of Trog.
             Slain by a worm (2 damage)
             ... on level 2 of the Dungeon.
             The game lasted 00:00:51 (885 turns).

zlionsfan the Chopper (Vine Stalker Berserker)       Turns: 885, Time: 00:00:52

Health: -1/16      AC:  2    Str: 19    XL:     2   Next: 50%
Magic:  0/3        EV: 12    Int:  7    God:    Trog [*.....]
Gold:   41         SH:  0    Dex: 13    Spells: 1/1 levels left

rFire   . . .        a - +0 hand axe
rCold   . . .        (no shield)
rNeg    . . .        b - +0 animal skin
rPois   .            (no helmet)
rElec   .            (no cloak)
rCorr   .            (no gloves)
SInv    .            (no boots)
Will    .....        (no amulet)
Stlth   +            (no ring)
HPRegen 0.22/turn    (no ring)
MPRegen 0.08/turn

%: guardian spirit
@: no status effects
A: fangs 2, magic shield, antimagic bite, no potion heal 2
a: Renounce Religion, Berserk


You were on level 2 of the Dungeon.
You worshipped Trog.
Trog was aware of your devotion.
You visited 1 branch of the dungeon, and saw 2 of its levels.

You collected 41 gold pieces.

Inventory:

Hand Weapons
 a - a +0 hand axe (weapon)
Armour
 b - a +0 animal skin (worn)
Scrolls
 c - a scroll of poison {unknown}
 d - a scroll of identify {unknown}
 e - a scroll of blinking {unknown}
Potions
 f - 3 potions of curing {unknown}


   Skills:
 + Level 2.9 Fighting
 + Level 3.0 Axes
 + Level 1.6 Armour
 + Level 1.8 Dodging


You had one spell level left.
You didn't know any spells.
Your spell library was empty.

Dungeon Overview and Level Annotations

Branches:
Dungeon (2/15)

Altars:


Innate Abilities, Weirdness & Mutations

You have extremely sharp teeth.
When hurt, damage is shared between your health and your magic reserves.
Your bite disrupts and absorbs the magic of your enemies.
Potions cannot restore your health.


Message History

Trog accepts your kill. The hobgoblin hits you.
You closely miss the hobgoblin. Your bite misses the hobgoblin.
The hobgoblin is heavily wounded.
The hobgoblin hits you but does no damage.
You closely miss the hobgoblin. Your bite misses the hobgoblin.
The hobgoblin is heavily wounded.
The hobgoblin barely misses you.
You hit the hobgoblin.
You kill the hobgoblin!
Trog accepts your kill.
You see here a hobgoblin corpse.
HP restored.
There is a shaft here.
f - 3 blue potions (gained 2)
A ball python comes into view.
A worm comes into view.
Found a stone staircase leading down.
The ball python barely misses you. The ball python grabs you.
The ball python constricts you.
You barely miss the ball python. The ball python bites you.
The ball python constricts you.
You hit the ball python.
The ball python is severely wounded.
You hit the worm. The ball python bites you. The ball python constricts you.
You hit the worm.
The worm is moderately wounded.
You barely miss the ball python. The ball python bites you.
The ball python constricts you. The worm bites you!
* * * LOW HITPOINT WARNING * * *
The ball python bites you.
* * * LOW HITPOINT WARNING * * *
The ball python constricts you.
You escape the ball python's grasp.
You hit the worm but do no damage.
The worm is moderately wounded.
You hit the worm.
The worm is moderately wounded.
The worm bites you.
You die...

.##.## .##..#############
# .................. .##
#####....).>###########..#
##....†.# #>.......
#...^..# #........
#......# #........
#......######........
#..........@wS.......
#......######........
#......# #...!....
#......# #........
#......# #........
######## #........
#########


You could see a worm and a ball python.

Vanquished Creatures
  2 dart slugs (D:1)
  A ball python (D:1)
  2 hobgoblins
  A quokka (D:1)
  3 frilled lizards
  2 goblins
11 creatures vanquished.

Notes
Turn   | Place    | Note
-------+----------+-------------------------------------------
     0 | D:1      | zlionsfan the Vine Stalker Berserker began the quest for
                  | the Orb.
     0 | D:1      | Reached XP level 1. HP: 11/11 MP: 2/2
   309 | D:1      | Reached XP level 2. HP: 16/16 MP: 3/3
   415 | D:1      | Reached skill level 3 in Axes
   885 | D:2      | Slain by a worm

Illustrated notes

Levels and vault maps discovered:
D:1:      dpeg_arrival_boxorama, layout_loops_ring, chequers_decorated_corner,
          minmay_misc_feat_nine_boxes
D:2:      layout_rooms, minmay_box_of_dots

Skill      XL: |  1  2 |
---------------+-------+-----
Axes           | 3 |  3.0
Fighting       | |  2.9
Armour         | |  1.6
Dodging        | |  1.8

Action                     || total
---------------------------++-------
  Melee: Hand axe          ||    28
         Bite              ||     4
 Armour: Animal skin       ||     3
  Dodge: Dodged            ||    12
